 Dungeon Crawl Stone Soup version 0.31.0-9-g3a7656b989 (webtiles) character file.

Game seed: 7125226205105862561

56 qw the Shooter (level 3, -5/18 HPs)
             Began as a Spriggan Hunter on Feb 2, 2024.
             Killed from afar by Natasha (9 damage)
             ... with a magic dart
             ... on level 2 of the Dungeon.
             The game lasted 00:00:05 (883 turns).

qw the Shooter (Spriggan Hunter)                     Turns: 883, Time: 00:00:05

Health: -5/18      AC:  2    Str:  7    XL:     3   Next: 69%
Magic:  4/4        EV: 19    Int: 10    God:
Gold:   12         SH:  0    Dex: 20    Spells: 2/2 levels left

rFire   . . .        a - +0 shortbow
rCold   . . .        (shield currently unavailable)
rNeg    . . .        c - +0 robe
rPois   .            (helmet restricted)
rElec   .            (no cloak)
rCorr   .            (gloves unavailable)
SInv    +            (boots unavailable)
Will    .....        (no amulet)
Stlth   ++           (no ring)
HPRegen 0.23/turn    (no ring)
MPRegen 0.09/turn

%: no passive effects
@: slowed, quick
A: very small, no large weapons, unfitting armour, see invisible, speed 3
a: no special abilities


You were on level 2 of the Dungeon.
You visited 1 branch of the dungeon, and saw 2 of its levels.

You collected 12 gold pieces.


Innate Abilities, Weirdness & Mutations

You are very small and have problems with some larger weapons.
You are too small for most types of armour.
You have supernaturally acute eyesight. (SInv)
You cover ground extremely quickly. (Speed+++)


   Skills:
 - Level 1.5 Fighting
 + Level 4.9 Ranged Weapons
 - Level 4.1 Dodging
 - Level 1.5 Stealth


You had 2 spell levels left.
You didn't know any spells.
Your spell library was empty.

Inventory:

Hand Weapons
 a - a +0 shortbow (weapon)
Armour
 c - a +0 robe (worn)
Jewellery
 f - a ring of magical power
Scrolls
 d - a scroll of revelation {unknown}
Potions
 b - a potion of enlightenment {unknown}
 e - a potion of curing

Dungeon Overview and Level Annotations

Branches:
Dungeon (2/15)

Altars:
Ru

Shops:
D:1 [

Annotations:
D:2 Natasha


Message History

Enter note: A kobold comes into view. It is wielding a +0 whip.
You shoot an arrow. The arrow hits the kobold.
You kill the kobold!
There is a stone staircase leading down here.
Natasha is nearby!
You shoot an arrow. The arrow barely misses Natasha.
Natasha hisses angrily.
You shoot an arrow. The arrow hits Natasha.
Natasha is lightly wounded.
You shoot an arrow.
The arrow hits Natasha but does no damage.
Natasha is lightly wounded.
Natasha stares at you and mumbles some strange words.
You resist with some effort.
You shoot an arrow. The arrow barely misses Natasha.
You shoot an arrow. The arrow barely misses Natasha.
Natasha casts a spell at you.
You feel yourself slow down.
Natasha stares at you and mumbles some strange words.
The magic dart hits you.
You shoot an arrow.
The arrow hits Natasha but does no damage.
Natasha is lightly wounded.
You shoot an arrow. The arrow completely misses Natasha.
Natasha stares at you and mumbles some strange words.
You feel as though you will be slow longer.
You shoot an arrow. The arrow hits Natasha.
Natasha is lightly wounded.
Natasha barely misses you. Natasha claws you.
You shoot an arrow. The arrow hits Natasha!
Natasha is heavily wounded.
Natasha misses you. Natasha claws you!
You shoot an arrow. The arrow barely misses Natasha.
Natasha closely misses you.
Natasha stares at you and mumbles some strange words.
The magic dart hits you!
Ouch! That really hurt!
You die...
Natasha begins licking her fur clean.

......#.#######........ .# ##
..............#........ .###....
.#....#.#####.....)....
......)..#.#...%..####...........
........#....#.#.......##........
.............#.#.......##........
...............#.......##........
###..##.......##.......##........
....S##........h@.........#......
####.##h................#.##.....
................%......##.##.....
####.##.....:.##.......##.##.....
# #.##................##.##.....
# #.###.........###.............
# #.# ......[#................. #
#.# ............##%.......... #
#..# #...>.#.#.........##.....


You could see Natasha.

Vanquished Creatures
  2 adders (D:2)
  A dart slug (D:1)
  A ribbon worm (D:2)
  6 ball pythons
  4 endoplasms
  A giant cockroach (D:1)
  2 goblins
  2 hobgoblins
  2 jackals (D:1)
  2 quokkas (D:1)
  3 bats (D:1)
  A frilled lizard (D:1)
  5 kobolds
  2 rats (D:1)
34 creatures vanquished.

Notes
Turn   | Place    | Note
-------+----------+-------------------------------------------
     0 | D:1      | qw the Spriggan Hunter began the quest for the Orb.
     0 | D:1      | Reached XP level 1. HP: 10/10 MP: 2/2
     0 | D:1      | 0 ||| qw: Version: 0.3-a-155-g5e7d8dd
     0 | D:1      | 0 ||| qw: Game counter: 1354
     0 | D:1      | 0 ||| qw: Melee chars always use a shield: true
     0 | D:1      | 0 ||| qw: God list: Okawaru
     0 | D:1      | 0 ||| qw: Allow faded altars: false
     0 | D:1      | 0 ||| qw: Do Orc after clearing Dungeon:15 true
     0 | D:1      | 0 ||| qw: Do second Lair branch before Depths: true
     0 | D:1      | 0 ||| qw: Lair rune preference: random
     0 | D:1      | 0 ||| qw: Goals: Normal
     0 | D:1      | 0 ||| PLANNING D:1-11
    37 | D:1      | Reached skill level 3 in Dodging
    57 | D:1      | Reached XP level 2. HP: 14/14 MP: 3/3
   246 | D:1      | 246 ||| DROPPING +1 sling of freezing.
   267 | D:1      | Found a faded altar of an unknown god.
   410 | D:1      | Found Cieck's Antique Armour Emporium.
   518 | D:1      | Found a sacrificial altar of Ru.
   521 | D:1      | 521 ||| READING scroll labelled VIODIB GYPNI.
   526 | D:1      | 526 ||| READING 2 scrolls labelled BEMUITW QIRPHI.
   526 | D:1      | 526 ||| IDENTIFYING yellow potion
   527 | D:1      | 527 ||| READING scroll of identify.
   527 | D:1      | 527 ||| IDENTIFYING scroll labelled ADAERAYNIA
   528 | D:1      | 528 ||| READING scroll labelled PITHOCW FEORA.
   529 | D:1      | 529 ||| READING scroll labelled KUH YHONAST.
   530 | D:1      | 530 ||| DROPPING scroll of butterflies.
   531 | D:1      | 531 ||| DROPPING scroll of vulnerability.
   567 | D:2      | Reached XP level 3. HP: 18/18 MP: 4/4
   582 | D:2      | Noticed Natasha
   584 | D:2      | 584 ||| FLEEEEING.
   585 | D:2      | 585 ||| FLEEEEING.
   586 | D:2      | 586 ||| FLEEEEING.
   587 | D:2      | 587 ||| FLEEEEING.
   589 | D:2      | 589 ||| FLEEEEING.
   590 | D:2      | 590 ||| FLEEEEING.
   591 | D:2      | 591 ||| FLEEEEING.
   592 | D:2      | 592 ||| FLEEEEING.
   593 | D:2      | 593 ||| FLEEEEING.
   594 | D:2      | 594 ||| FLEEEEING.
   595 | D:2      | 595 ||| FLEEEEING.
   599 | D:2      | 599 ||| FLEEEEING.
   600 | D:2      | 600 ||| FLEEEEING.
   601 | D:2      | 601 ||| STAIRDANCE
   882 | D:2      | HP: 4/18 [Natasha (7)]
   883 | D:2      | Killed from afar by Natasha

Levels and vault maps discovered:
D:1:      dpeg_arrival_water_altar, layout_rooms, serial_shops,
          nicolae_shop_statue_plus, basic_ecumenical_altar
D:2:      layout_rooms, uniq_natasha

Skill      XL: |  1  2 |
---------------+-------+-----
Dodging        | 3 4 |  4.1
Fighting       | |  1.5
Ranged Weapons | |  4.9
Stealth        | |  1.5

Action                     || total
---------------------------++-------
   Fire: Shortbow          ||   101
    Use: Scroll            ||     5
 Armour: Robe              ||     8
  Dodge: Dodged            ||    20

Table legend:
 A = Non-vault XP
 B = Vault XP
 C = Vault XP percentage of total XP
 D = Non-vault monster count
 E = Vault monster count
 F = Vault count percentage of total count
                 A         B        C        D         E       F
            +---------+---------+-------+---------+---------+-------
      Total |      80 |       0 |   0.0 |      34 |       0 |   0.0
            +---------+---------+-------+---------+---------+-------
        D:1 |      36 |       0 |   0.0 |      22 |       0 |   0.0
        D:2 |      44 |       0 |   0.0 |      12 |       0 |   0.0
            +---------+---------+-------+---------+---------+-------
